APP
BOSTON (APP) RED SOX @ OREM OWLZ
08/09/2044
 
TOP OF THE 1ST
Boston (APP) Red Sox batting - Pitching for Orem Owlz : RHP Chris Russell
Pitching: RHP Chris Russell
Batting: LHB Stanislav Parusov 0-0: Foul Ball, location: 2F
0-1: Ball
1-1: Swinging Strike
1-2: Ball
2-2: Foul Ball, location: 2F
2-2: Foul Ball, location: 2F
2-2: Foul Ball, location: 2F
2-2: Foul Ball, location: 2F
2-2: Foul Ball, location: 2F
2-2: Strikes out swinging
Batting: RHB Matt Hinkle 0-0: Called Strike
0-1: Swinging Strike
0-2: Strikes out swinging
Batting: RHB William Lung 0-0: Called Strike
0-1: Foul Ball, location: 2F
0-2: Ball
1-2: Ball
2-2: Ball
3-2: Foul Ball, location: 2F
3-2: Ground out 6-3 (Groundball, 56, EV 102.5 MPH)
Top of the 1st over - 0 runs, 0 hits, 0 errors, 0 left on base; Boston (APP) 0 - Orem 0
BOTTOM OF THE 1ST
Orem Owlz batting - Pitching for Boston (APP) Red Sox : RHP Jon Olivo
Pitching: RHP Jon Olivo
Batting: SHB Butch Brown 0-0: Swinging Strike
0-1: Called Strike
0-2: Ball
1-2: Ground out 5-3 (Groundball, 5S, EV 88.8 MPH)
Batting: LHB Justin Alexander 0-0: Called Strike
0-1: Swinging Strike
0-2: Foul Ball, location: 2F
0-2: Ball
1-2: Foul Ball, location: 2F
1-2: DOUBLE (Groundball, 3L, EV 105.6 MPH)
Batting: LHB Brett Bugge 0-0: Ball
Justin Alexander steals 3rd base
1-0: Ball
2-0: Called Strike
2-1: Ball
3-1: Ground out 6-3 (Groundball, 6, EV 87.5 MPH)
Justin Alexander scores
Batting: RHB Mike Alm 0-0: Called Strike
0-1: Ball
1-1: Foul Ball, location: 2F
1-2: Strikes out looking
Bottom of the 1st over - 1 run, 1 hit, 0 errors, 0 left on base; Boston (APP) 0 - Orem 1
TOP OF THE 2ND
Boston (APP) Red Sox batting - Pitching for Orem Owlz : RHP Chris Russell
Batting: RHB Frank Sokolosky 0-0: Ground out U3 (Groundball, 3, EV 87.5 MPH)
Batting: LHB Frank Olivo 0-0: Ball
1-0: Ball
2-0: Foul Ball, location: 2F
2-1: Ball
3-1: Called Strike
3-2: DOUBLE (Line Drive, 89M, EV 92.5 MPH)
Batting: RHB Mike Strey 0-0: Called Strike
0-1: Ball
1-1: Called Strike
1-2: Ball
2-2: Strikes out swinging
Batting: RHB Dominique Paolozzi 0-0: Called Strike
0-1: Foul Ball, location: 2F
0-2: Ball
1-2: Strikes out swinging
Top of the 2nd over - 0 runs, 1 hit, 0 errors, 1 left on base; Boston (APP) 0 - Orem 1
BOTTOM OF THE 2ND
Orem Owlz batting - Pitching for Boston (APP) Red Sox : RHP Jon Olivo
Batting: RHB Ryan Pelletier 0-0: Called Strike
0-1: Foul Ball, location: 2F
0-2: Ball
1-2: Ball
2-2: Ball
3-2: Ground out 5-3 (Groundball, 56, EV 85.0 MPH)
Batting: RHB Danny Bjarnson 0-0: Called Strike
0-1: Swinging Strike
0-2: Strikes out swinging
Batting: RHB J.R. Roberts 0-0: Foul Ball, location: 2F
0-1: Swinging Strike
0-2: Ball
1-2: Ball
2-2: Ball
3-2: Foul Ball, location: 2F
3-2: Foul Ball, location: 2F
3-2: DOUBLE (Groundball, 5L, EV 108.8 MPH)
Batting: RHB Kinya Nishimura 0-0: Called Strike
0-1: Ground out 6-3 (Groundball, 6M, EV 81.9 MPH)
Bottom of the 2nd over - 0 runs, 1 hit, 0 errors, 1 left on base; Boston (APP) 0 - Orem 1
TOP OF THE 3RD
Boston (APP) Red Sox batting - Pitching for Orem Owlz : RHP Chris Russell
Batting: RHB Rogelio Cervantes 0-0: Ground out 6-3 (Groundball, 6, EV 91.2 MPH)
Batting: RHB Joe Booth 0-0: Ball
1-0: Ball
2-0: Called Strike
2-1: Ball
3-1: DOUBLE (Line Drive, 9LM, EV 111.2 MPH)
Batting: LHB Stanislav Parusov 0-0: Foul Ball, location: 2F
0-1: Foul Ball, location: 2F
0-2: Foul Ball, location: 2F
0-2: Ball
1-2: Ball
2-2: Ball
3-2: Foul Ball, location: 2F
3-2: Fly out, F8 (Line Drive, 8RM, EV 92.5 MPH)
Batting: RHB Matt Hinkle 0-0: Ball
1-0: Ball
2-0: Ball
3-0: Swinging Strike
3-1: Base on Balls
Batting: RHB William Lung 0-0: Ball
1-0: Foul Ball, location: 2F
1-1: Ball
2-1: Swinging Strike
2-2: Foul Ball, location: 2F
2-2: Strikes out swinging
Top of the 3rd over - 0 runs, 1 hit, 0 errors, 2 left on base; Boston (APP) 0 - Orem 1
BOTTOM OF THE 3RD
Orem Owlz batting - Pitching for Boston (APP) Red Sox : RHP Jon Olivo
Batting: RHB Jose Ramirez 0-0: Ball
1-0: Ball
2-0: Called Strike
2-1: Foul Ball, location: 2F
2-2: Foul Ball, location: 2F
2-2: Strikes out looking
Batting: SHB Butch Brown 0-0: Ball
1-0: Ball
2-0: Called Strike
2-1: Foul Ball, location: 2F
2-2: Ball
3-2: Strikes out swinging
Batting: LHB Justin Alexander 0-0: Called Strike
0-1: Ball
1-1: Ball
2-1: Ground out 6-3 (Groundball, 6, EV 100.0 MPH)
Bottom of the 3rd over - 0 runs, 0 hits, 0 errors, 0 left on base; Boston (APP) 0 - Orem 1
TOP OF THE 4TH
Boston (APP) Red Sox batting - Pitching for Orem Owlz : RHP Chris Russell
Batting: RHB Frank Sokolosky 0-0: Ball
1-0: Ground out 4-3 (Groundball, 34, EV 100.6 MPH)
Batting: LHB Frank Olivo 0-0: Ball
1-0: DOUBLE (Line Drive, 7LS, EV 97.5 MPH)
Batting: RHB Mike Strey 0-0: Ball
1-0: Ground out 5-3 (Groundball, 5D, EV 96.9 MPH)
Batting: RHB Dominique Paolozzi 0-0: Called Strike
0-1: Fly out, F8 (Flyball, 89XD, EV 102.5 MPH)
Top of the 4th over - 0 runs, 1 hit, 0 errors, 1 left on base; Boston (APP) 0 - Orem 1
BOTTOM OF THE 4TH
Orem Owlz batting - Pitching for Boston (APP) Red Sox : RHP Jon Olivo
Batting: LHB Brett Bugge 0-0: Ground out U3 (Groundball, 34S, EV 76.9 MPH)
Batting: RHB Mike Alm 0-0: Foul Ball, location: 2F
0-1: Ball
1-1: Swinging Strike
1-2: Foul Ball, location: 2F
1-2: SINGLE (Groundball, 6MD, EV 97.5 MPH)
Batting: RHB Ryan Pelletier 0-0: Called Strike
Mike Alm steals 2nd base
0-1: Called Strike
0-2: SINGLE (Groundball, 56S, EV 65.0 MPH) (infield hit)
Mike Alm to third
Batting: RHB Danny Bjarnson 0-0: Called Strike
0-1: Ball
1-1: Called Strike
1-2: Ball
2-2: Ball
Ryan Pelletier steals 2nd base
3-2: Fly out, F9 (Flyball, 9, EV 85.0 MPH)
Runner from 3rd tags up, SCORES, throw by RF
Batting: RHB J.R. Roberts 0-0: Called Strike
0-1: Called Strike
0-2: Foul Ball, location: 2F
0-2: Ball
1-2: Ball
2-2: Fly out, F7 (Flyball, 7S, EV 88.1 MPH)
Bottom of the 4th over - 1 run, 2 hits, 0 errors, 1 left on base; Boston (APP) 0 - Orem 2
TOP OF THE 5TH
Boston (APP) Red Sox batting - Pitching for Orem Owlz : RHP Chris Russell
Pitching: RHP Ed Raleigh
Batting: RHB Rogelio Cervantes 0-0: Ball
1-0: Fly out, F6 (Line Drive, 6, EV 66.2 MPH)
Batting: RHB Joe Booth 0-0: Ball
1-0: Ball
2-0: SINGLE (Groundball, 56D, EV 104.4 MPH)
Batting: LHB Stanislav Parusov 0-0: Ball
Joe Booth steals 2nd base (no throw)
1-0: Foul Ball, location: 2F
1-1: Ball
2-1: Foul Ball, location: 2F
2-2: Ball
3-2: 2-RUN HOME RUN (Flyball, 9D, EV 96.9 MPH), Distance : 368 ft
Batting: RHB Matt Hinkle 0-0: Called Strike
0-1: Ball
1-1: Swinging Strike
1-2: Ball
2-2: SINGLE (Line Drive, 9S, EV 105.0 MPH)
Batting: RHB William Lung 0-0: Called Strike
0-1: Ball
Matt Hinkle steals 2nd base
1-1: Ball
2-1: Ball
3-1: Base on Balls
Batting: RHB Frank Sokolosky 0-0: SINGLE (Line Drive, 89S, EV 95.6 MPH)
Matt Hinkle to third
William Lung to second
Runner from 3rd tries for Home, SAFE, throw by RF to home
Batting: LHB Frank Olivo 0-0: Called Strike
0-1: Ball
1-1: Ball
2-1: Ball
3-1: Base on Balls
William Lung to third
Frank Sokolosky to second
Batting: RHB Mike Strey 0-0: Called Strike
0-1: Ball
Wild Pitch!
William Lung scores
Frank Sokolosky to third
Frank Olivo to second
1-1: Ball
2-1: Foul Ball, location: 2F
2-2: Ball
3-2: Strikes out swinging
Pitching: RHP Simon Vogel
Batting: RHB Dominique Paolozzi 0-0: Called Strike
0-1: DOUBLE (Groundball, 5L, EV 100.6 MPH)
Frank Sokolosky scores
Frank Olivo scores
Batting: RHB Rogelio Cervantes 0-0: Called Strike
0-1: Swinging Strike
0-2: Ground out 6-3 (Groundball, 6, EV 83.8 MPH)
Top of the 5th over - 6 runs, 5 hits, 0 errors, 1 left on base; Boston (APP) 6 - Orem 2
BOTTOM OF THE 5TH
Orem Owlz batting - Pitching for Boston (APP) Red Sox : RHP Jon Olivo
Batting: RHB Kinya Nishimura 0-0: Called Strike
0-1: Swinging Strike
0-2: Ball
1-2: Ball
2-2: Foul Ball, location: 2F
2-2: Foul Ball, location: 2F
2-2: Ball
3-2: Strikes out swinging
Batting: RHB Jose Ramirez 0-0: Called Strike
0-1: Called Strike
0-2: Ball
1-2: Strikes out swinging
Batting: SHB Butch Brown 0-0: Foul Ball, location: 2F
0-1: Foul Ball, location: 2F
0-2: Ball
1-2: Strikes out swinging
Bottom of the 5th over - 0 runs, 0 hits, 0 errors, 0 left on base; Boston (APP) 6 - Orem 2
TOP OF THE 6TH
Boston (APP) Red Sox batting - Pitching for Orem Owlz : RHP Simon Vogel
Batting: RHB Joe Booth 0-0: Called Strike
0-1: Ball
1-1: Foul Ball, location: 2F
1-2: Strikes out swinging
Batting: LHB Stanislav Parusov 0-0: Foul Ball, location: 2F
0-1: Ball
1-1: Ball
2-1: Foul Ball, location: 2F
2-2: SINGLE (Line Drive, 8RS, EV 109.4 MPH)
Batting: RHB Matt Hinkle 0-0: Fly out, F7 (Flyball, 7LM, EV 90.6 MPH)
Batting: RHB William Lung 0-0: Hit by Pitch
Stanislav Parusov to second
Batting: RHB Frank Sokolosky 0-0: Called Strike
0-1: Fly out, F8 (Flyball, 8RM, EV 73.8 MPH)
Top of the 6th over - 0 runs, 1 hit, 0 errors, 2 left on base; Boston (APP) 6 - Orem 2
BOTTOM OF THE 6TH
Orem Owlz batting - Pitching for Boston (APP) Red Sox : RHP Jon Olivo
Pitching: RHP Victor Fuentes
Batting: LHB Justin Alexander 0-0: Foul Ball, location: 2F
0-1: Foul Ball, location: 2F
0-2: Ball
1-2: Foul Ball, location: 2F
1-2: Foul Ball, location: 2F
1-2: SINGLE (Groundball, 3D, EV 102.5 MPH)
Batting: LHB Brett Bugge 0-0: Ball
1-0: Fielders Choice at 2nd, 4-6 (Groundball, 4, EV 90.6 MPH)
Batting: RHB Mike Alm 0-0: Called Strike
0-1: Ball
1-1: Swinging Strike
1-2: Ball
2-2: Ball
3-2: Foul Ball, location: 2F
3-2: Base on Balls
Brett Bugge to second
Batting: RHB Ryan Pelletier 0-0: Fly out, F7 (Flyball, 7LS, EV 80.6 MPH)
Batting: RHB Danny Bjarnson 0-0: Ground out 4-3 (Groundball, 4, EV 107.5 MPH)
Bottom of the 6th over - 0 runs, 1 hit, 0 errors, 2 left on base; Boston (APP) 6 - Orem 2
TOP OF THE 7TH
Boston (APP) Red Sox batting - Pitching for Orem Owlz : RHP Simon Vogel
Pitching: RHP Troy Ingram
Batting: LHB Frank Olivo 0-0: Swinging Strike
0-1: Ball
1-1: Foul Ball, location: 2F
1-2: Ball
2-2: Foul Ball, location: 2F
2-2: SINGLE (Groundball, 5D, EV 105.6 MPH)
Batting: RHB Mike Strey 0-0: Bunted foul
0-1: Ball
1-1: Sac Bunt to 13S - play at first, batter OUT! 1-4
Frank Olivo to second
Batting: RHB Dominique Paolozzi 0-0: Swinging Strike
0-1: Called Strike
0-2: Ball
1-2: Ball
2-2: SINGLE (Groundball, 4D, EV 103.8 MPH)
Frank Olivo to third
Batting: RHB Rogelio Cervantes 0-0: Foul Ball, location: 2F
0-1: Ground out 6-3 (Groundball, 6S, EV 60.6 MPH)
Frank Olivo scores
Dominique Paolozzi to second
Batting: RHB Joe Booth 0-0: Ball
1-0: Ball
2-0: Foul Ball, location: 2F
2-1: Ball
3-1: Fly out, F5 (Line Drive, 5, EV 65.6 MPH)
Top of the 7th over - 1 run, 2 hits, 0 errors, 1 left on base; Boston (APP) 7 - Orem 2
BOTTOM OF THE 7TH
Orem Owlz batting - Pitching for Boston (APP) Red Sox : RHP Victor Fuentes
Batting: RHB J.R. Roberts 0-0: Called Strike
0-1: Ball
1-1: Called Strike
1-2: Strikes out swinging
Batting: RHB Kinya Nishimura 0-0: Ball
1-0: Foul Ball, location: 2F
1-1: Ball
2-1: Called Strike
2-2: Ball
3-2: Base on Balls
Batting: RHB Jose Ramirez 0-0: Called Strike
0-1: Ball
1-1: Foul Ball, location: 2F
1-2: Foul Ball, location: 2F
1-2: Ball
2-2: Foul Ball, location: 2F
2-2: SINGLE (Groundball, 56D, EV 98.1 MPH)
Kinya Nishimura to second
Batting: SHB Butch Brown 0-0: Ball
1-0: Foul Ball, location: 2F
1-1: Ball
2-1: Foul Ball, location: 2F
2-2: Fielders Choice at 2nd, 4-6 (Groundball, 4S, EV 83.1 MPH)
Kinya Nishimura to third
Pitching: RHP Josh Graham
Batting: LHB Justin Alexander 0-0: Called Strike
0-1: Ball
1-1: Ball
2-1: Foul Ball, location: 2F
2-2: Strikes out swinging
Bottom of the 7th over - 0 runs, 1 hit, 0 errors, 2 left on base; Boston (APP) 7 - Orem 2
TOP OF THE 8TH
Boston (APP) Red Sox batting - Pitching for Orem Owlz : RHP Troy Ingram
Batting: LHB Stanislav Parusov 0-0: Foul Ball, location: 2F
0-1: Ball
1-1: Foul Ball, location: 2F
1-2: Foul Ball, location: 2F
1-2: Strikes out swinging
Batting: RHB Matt Hinkle 0-0: Called Strike
0-1: Foul Ball, location: 2F
0-2: Strikes out swinging, 2-3 out at first.
Batting: RHB William Lung 0-0: Swinging Strike
0-1: Swinging Strike
0-2: Ball
1-2: Strikes out swinging
Top of the 8th over - 0 runs, 0 hits, 0 errors, 0 left on base; Boston (APP) 7 - Orem 2
BOTTOM OF THE 8TH
Orem Owlz batting - Pitching for Boston (APP) Red Sox : RHP Josh Graham
Batting: LHB Brett Bugge 0-0: Foul Ball, location: 2F
0-1: Ball
1-1: SOLO HOME RUN (Line Drive, 7LD, EV 103.1 MPH), Distance : 366 ft
Batting: RHB Mike Alm 0-0: Ball
1-0: Called Strike
1-1: Ball
2-1: Foul Ball, location: 2F
2-2: Ball
3-2: SINGLE (Groundball, 13, EV 63.8 MPH) (infield hit)
Batting: RHB Ryan Pelletier 0-0: Ball
1-0: Called Strike
1-1: Fielders Choice at 2nd, 6-4 (Groundball, 56D, EV 101.9 MPH)
Batting: RHB Danny Bjarnson 0-0: Foul Ball, location: 2F
0-1: Called Strike
0-2: Fielders Choice at 2nd, 3-6 (Groundball, 34, EV 88.8 MPH)
Batting: RHB J.R. Roberts 0-0: Ball
1-0: Ball
2-0: Foul Ball, location: 2F
2-1: Ball
3-1: Fly out, F8 (Flyball, 8LM, EV 81.2 MPH)
Bottom of the 8th over - 1 run, 2 hits, 0 errors, 1 left on base; Boston (APP) 7 - Orem 3
TOP OF THE 9TH
Boston (APP) Red Sox batting - Pitching for Orem Owlz : RHP Troy Ingram
Pitching: RHP Kennie Williams
Batting: RHB Frank Sokolosky 0-0: Foul Ball, location: 2F
0-1: Foul Ball, location: 2F
0-2: Foul Ball, location: 2F
0-2: Ball
1-2: Strikes out swinging
Batting: LHB Frank Olivo 0-0: Ball
1-0: Ball
2-0: Swinging Strike
2-1: Ball
3-1: Foul Ball, location: 2F
3-2: Strikes out looking
Batting: RHB Mike Strey 0-0: Ball
1-0: Ball
2-0: Fly out, F8 (Flyball, 8RM, EV 76.9 MPH)
Top of the 9th over - 0 runs, 0 hits, 0 errors, 0 left on base; Boston (APP) 7 - Orem 3
BOTTOM OF THE 9TH
Orem Owlz batting - Pitching for Boston (APP) Red Sox : RHP Josh Graham
Pitching: RHP Victor Escobar
Batting: RHB Kinya Nishimura 0-0: Called Strike
0-1: Swinging Strike
0-2: Ball
1-2: Strikes out looking
Batting: RHB Jose Ramirez 0-0: Foul Ball, location: 2F
0-1: Ball
1-1: TRIPLE (Flyball, 78XD, EV 109.4 MPH)
Batting: SHB Butch Brown 0-0: Swinging Strike
0-1: Ball
1-1: Ball
2-1: Swinging Strike
2-2: Foul Ball, location: 2F
2-2: Foul Ball, location: 2F
2-2: Foul Ball, location: 2F
2-2: Foul Ball, location: 2F
2-2: Strikes out swinging
Batting: LHB Justin Alexander 0-0: Called Strike
0-1: Ball
Wild Pitch!
Jose Ramirez scores
1-1: Foul Ball, location: 2F
1-2: Ball
2-2: Ball
3-2: Strikes out looking
Bottom of the 9th over - 1 run, 1 hit, 0 errors, 0 left on base; Boston (APP) 7 - Orem 4
Thursday, March 31st , 2022 - OOTP Baseball 22.12 Build 89